 Dungeon Crawl Stone Soup version 0.21.0-3-g78d12a8 (webtiles) character file.

70 MDvedh the Ducker (level 4, 0/35 HPs)
             Began as a Merfolk Air Elementalist on Jan 9, 2018.
             Slain by an orc wizard
             ... wielding a +0 hand axe
              (4 damage)
             ... on level 2 of the Dungeon.
             The game lasted 00:03:15 (1603 turns).

MDvedh the Ducker (Merfolk Air Elementalist)        Turns: 1603, Time: 00:03:15

Health: 0/35       AC:  2    Str:  9    XL:     4   Next: 21%
Magic:  0/7        EV: 14    Int: 14    God:
Gold:   108        SH:  0    Dex: 14    Spells: 6/7 levels left

rFire    . . .     SeeInvis .   j - +4 short sword
rCold    . . .     Gourm    .   (no shield)
rNeg     . . .     Faith    .   a - +0 robe
rPois    .         Spirit   .   (no helmet)
rElec    .         Reflect  .   (no cloak)
rCorr    .         Harm     .   (no gloves)
MR       .....                  (no boots)
Stlth    ++........             (no amulet)
HPRegen  0.11/turn              (no ring)
MPRegen  0.10/turn              (no ring)

@: lethally poisoned (0 -> -4), very slightly contaminated
A: change form in water, swift swim, stealthy swim
a: no special abilities


You were on level 2 of the Dungeon.
You were not hungry.

You visited 1 branch of the dungeon, and saw 2 of its levels.

You collected 108 gold pieces.

Inventory:

Hand Weapons
 j - a +4 short sword (weapon)
Armour
 a - a +0 robe (worn)
 h - a +2 shield
Scrolls
 d - a scroll of amnesia {unknown}
 g - a scroll of blinking {unknown}
 k - 2 scrolls of noise {unknown}
Potions
 e - a potion of haste {unknown}
 i - a potion of curing {unknown}
 l - a potion of ambrosia {unknown}
 m - 2 potions of flight {unknown}
 n - a potion of agility {unknown}
Books
 b - a book of Air

   Spells                             Type                      Level
   a - Shock                          Conjuration/Air              1
   b - Swiftness                      Charms/Air                   2
   c - Static Discharge               Conjuration/Air              3
   d - Airstrike                      Air                          4
   e - Lightning Bolt                 Conjuration/Air              5
Comestibles
 c - 3 rations
 f - a chunk of flesh


   Skills:
 * Level 3.3 Fighting
 + Level 3.9 Dodging
 - Level 2.1 Stealth
 - Level 2.0 Spellcasting
 - Level 0.7 Conjurations
 - Level 2.4 Air Magic


You had 6 spell levels left.
You knew the following spells:

 Your Spells              Type           Power        Failure   Level  Hunger
a - Shock                 Conj/Air       #...         13%         1    ##.....


Dungeon Overview and Level Annotations

Branches:
Dungeon (2/15)

Altars:


Message History

You feel sick.
Casting: Shock
Confirm with . or Enter, or press ? or * to list all spells.
Aiming: Shock
Press: ? - help, Shift-Dir - straight line, f - adder
Aim: an adder (severely wounded)
The zap hits the adder.
You kill the adder!
The zap hits something.
The zap hits the gnoll.
The gnoll is lightly wounded.
The zap hits the orc.
The orc is moderately wounded.
A magic dart appears from out of thin air!
The magic dart hits you!
* * * LOW HITPOINT WARNING * * *
You feel sick.
You feel sick. Something hits you.
* * * LOW HITPOINT WARNING * * *
Something hits you.
You die...

.##.#....# #.#
##.......#
......##.###.##
#...†...#
###.#.##......##
####.####
.......#####...####...#
.........###.#.#....###
.......#..o......#####
......g..†.o....)....#
.......####.g........#
....#### #...g.@.<..#
#...# ##..........#
....# .............##
....# #.##...........#
#...# . #.....<.....#
..(.... .............#
###..... ..#.#######..#
. #........#. #### .
....... .


You could see 2 gnolls and 2 orcs.

Vanquished Creatures
  2 adders (D:2)
  2 worms (D:2)
  2 dart slugs
  An orc (D:2)
  4 bats
  2 giant cockroaches (D:1)
  4 goblins
  2 hobgoblins
  3 jackals (D:1)
  A quokka (D:2)
  5 frilled lizards
  7 kobolds
  7 rats
42 creatures vanquished.

Notes
Turn   | Place    | Note
-------+----------+-------------------------------------------
     0 | D:1      | MDvedh the Merfolk Air Elementalist began the quest for the Orb.
     0 | D:1      | Reached XP level 1. HP: 13/13 MP: 3/3
     5 | D:1      | Noticed a merfolk zombie
   220 | D:1      | Reached skill level 1 in Fighting
   313 | D:1      | Reached XP level 2. HP: 15/21 MP: 5/5
   832 | D:1      | Reached XP level 3. HP: 23/27 MP: 6/6
  1557 | D:2      | Reached XP level 4. HP: 29/35 MP: 4/7
  1603 | D:2      | Slain by an orc wizard

Skill      XL: |  1  2  3 |
---------------+----------+-----
Fighting       | 1 2 3 |  3.3
Dodging        | 3 |  3.9
Stealth        | |  2.1
Spellcasting   | |  2.0
Conjurations   | |  0.7
Air Magic      | |  2.4

Action                   |  1- 3 |  4- 6 || total
-------------------------+-------+-------++-------
Melee: Unarmed           |    43 |       ||    43
       Short sword       |    59 |     4 ||    63
 Cast: Shock             |    21 |     6 ||    27
 Stab: Sleeping          |     4 |       ||     4
  Eat: Chunk             |     3 |       ||     3
Armor: Robe              |    17 |     2 ||    19
Dodge: Dodged            |    83 |    19 ||   102
